 Dungeon Crawl Stone Soup version 0.21.1-1-g345015f (webtiles) character file.

507 Fang the Chopper (level 7, 0/66 HPs)
             Began as a Gargoyle Berserker on May 17, 2018.
             Was a Priest of Trog.
             Slain by an ogre
             ... wielding a +0 giant club
              (18 damage)
             ... on level 4 of the Dungeon.
             The game lasted 00:08:38 (4290 turns).

Fang the Chopper (Gargoyle Berserker)               Turns: 4290, Time: 00:08:38

Health: 0/66       AC:  7    Str: 27    XL:     7   Next: 18%
Magic:  7/7        EV: 12    Int:  8    God:    Trog [***...]
Gold:   84         SH:  0    Dex:  9    Spells: 6/6 levels left

rFire    . . .     SeeInvis +   h - +3 hand axe (chop)
rCold    . . .     Gourm    .   (no shield)
rNeg     + . .     Faith    .   b - +0 animal skin
rPois    ∞         Spirit   .   (no helmet)
rElec    +         Reflect  .   (no cloak)
rCorr    .         Harm     .   (no gloves)
MR       .....                  (no boots)
Stlth    ..........             (no amulet)
HPRegen  0.21/turn              p - ring of see invisible
MPRegen  0.10/turn              (no ring)

@: berserking, very quick
A: negative energy resistance 1, electricity resistance, unbreathing,
petrification resistance, rot immunity, AC +4
a: Berserk, Trog's Hand, Burn Spellbooks, Renounce Religion


You were on level 4 of the Dungeon.
You worshipped Trog.
Trog was most pleased with you.
You were very hungry.

You visited 1 branch of the dungeon, and saw 4 of its levels.
You also visited: Sewer.

You collected 84 gold pieces.

Inventory:

Hand Weapons
 h - a +3 hand axe of chopping (weapon)
 j - a +2 hand axe of flaming
Armour
 b - a +0 animal skin (worn)
Jewellery
 p - a ring of see invisible (left hand)
Scrolls
 a - a scroll of fog
 d - 6 scrolls of remove curse
 g - 6 scrolls of identify
 k - a scroll of fear
 n - a scroll of teleportation
 r - a scroll of enchant armour {unknown}
Potions
 e - 3 potions of might
 f - 3 potions of curing
 i - 3 potions of lignification
 l - 2 potions of mutation
 m - 3 potions of heal wounds
 o - a potion of magic
Comestibles
 c - 9 rations
 q - a chunk of flesh


   Skills:
 + Level 4.9 Fighting
 + Level 5.6 Axes
 + Level 2.3 Armour
 + Level 3.0 Dodging
 + Level 1.6 Stealth


You had 6 spell levels left.
You didn't know any spells.

Dungeon Overview and Level Annotations

Branches:
Dungeon (4/15)             Temple (0/1) D:4

Altars:
Elyvilon
Hepliaklqana
Okawaru
Trog
Uskayaw
Vehumet
Xom
Yredelemnul


Innate Abilities, Weirdness & Mutations

You are resistant to torment.
Your stone body is resilient. (AC +4)
You are immune to poison.
You resist negative energy. (rN+)
You are resistant to electric shocks. (rElec)
You can survive without breathing.
You are immune to petrification.
You are immune to rotting.


Message History

The ogre hits you with a giant club!!
* * * LOW HITPOINT WARNING * * *
You are too injured to fight recklessly!
You are too injured to fight recklessly!
You are too injured to fight recklessly!
You are too injured to fight recklessly!
You are too injured to fight recklessly!
You are too injured to fight recklessly!
You are too injured to fight recklessly!
You are too injured to fight recklessly!
You are too injured to fight recklessly!
You are too injured to fight recklessly!
You are too injured to fight recklessly!
You are too injured to fight recklessly!
The ogre hits you but does no damage.
A red film seems to cover your vision as you go berserk!
You feel yourself moving faster!
You feel mighty!
You are feeling very hungry.
The ogre hits you with a giant club!!
You die...

####.# # #..#.# #.
#..#.# #.# #..#.#
#.# #..#.# #.#
#..#.#####... .#.#
#............#.#.#
##.#.#########.#.#
#@.#.#.##..<.#.#..
#O##'#.........#.#
...#....##...>..#.#
#####....##......#.#
#.......#...†#>.
#...########....
#...+......'....
#...########....
#...# #....


You could see an ogre.

Vanquished Creatures
  2 ogres (D:4)
  A howler monkey (D:4)
  A bullfrog skeleton (D:4)
  A hound (D:4)
  A worker ant (D:4)
  7 adders
  2 oozes
  An adder skeleton (D:4)
  3 worms (D:4)
  8 dart slugs
  A leopard gecko (D:3)
  13 orcs
  2 giant cockroaches
  10 hobgoblins
  11 jackals
  3 quokkas (D:3)
  5 ball pythons
  6 bats
  8 frilled lizards
  7 goblins
  19 kobolds
  9 rats
  A plant (Sewer)
122 creatures vanquished.

Vanquished Creatures (others)
  A plant (Sewer)
1 creature vanquished.

Grand Total: 123 creatures vanquished

Notes
Turn   | Place    | Note
-------+----------+-------------------------------------------
     0 | D:1      | Fang the Gargoyle Berserker began the quest for the Orb.
     0 | D:1      | Reached XP level 1. HP: 14/14 MP: 1/1
    13 | D:1      | Noticed an electric eel
   150 | D:1      | Reached XP level 2. HP: 13/19 MP: 2/2
   242 | D:1      | Reached skill level 3 in Axes
   477 | D:1      | Reached XP level 3. HP: 18/24 MP: 3/3
   897 | D:2      | Reached XP level 4. HP: 21/29 MP: 4/4
   934 | D:2      | Reached ** piety under Trog
   941 | D:2      | Found a faded altar of an unknown god.
  1245 | D:2      | Found a bloodstained altar of Trog.
  1774 | D:3      | Reached skill level 4 in Axes
  1906 | D:3      | Found a shimmering altar of Xom.
  1908 | D:3      | Found a shimmering altar of Xom.
  1909 | D:3      | Found a shimmering altar of Xom.
  1909 | D:3      | Found a shimmering altar of Xom.
  1938 | D:3      | Reached XP level 5. HP: 29/33 MP: 5/5
  2127 | D:3      | Reached *** piety under Trog
  2198 | D:3      | Found a glowing drain.
  2213 | Sewer    | Entered a sewer
  2384 | Sewer    | Reached skill level 1 in Stealth
  3052 | D:3      | Found a white marble altar of Elyvilon.
  3054 | D:3      | Found a hazy altar of Hepliaklqana.
  3054 | D:3      | Found a hide-covered altar of Uskayaw.
  3102 | D:3      | Found an iron altar of Okawaru.
  3102 | D:3      | Found a radiant altar of Vehumet.
  3163 | D:4      | Noticed a moth of wrath
  3166 | D:4      | Found a bloodstained altar of Trog.
  3531 | D:4      | Reached XP level 6. HP: 34/39 MP: 6/6
  3544 | D:4      | Found a staircase to the Ecumenical Temple.
  3558 | D:4      | Reached skill level 5 in Axes
  4019 | D:4      | Reached XP level 7. HP: 40/44 MP: 7/7
  4024 | D:4      | Found a basalt altar of Yredelemnul.
  4290 | D:4      | Slain by an ogre

Skill      XL: |  1  2  3  4  5  6  7 |
---------------+----------------------+-----
Axes           | 3 4 5 |  5.6
Fighting       | 4 |  4.9
Dodging        | 2 3 |  3.0
Stealth        | 1 |  1.6
Armour         | |  2.3

Action                   |  1- 3 |  4- 6 |  7- 9 || total
-------------------------+-------+-------+-------++-------
Melee: Hand axe          |    77 |   300 |    31 ||   408
Invok: Berserk           |       |     2 |     1 ||     3
  Use: Scroll            |       |    13 |       ||    13
 Stab: Sleeping          |       |     1 |       ||     1
  Eat: Chunk             |       |    12 |     1 ||    13
Armor: Animal skin       |    25 |    96 |     5 ||   126
Dodge: Dodged            |    53 |   204 |    16 ||   273
